 Dungeon Crawl Stone Soup version 0.27-b1-2-g8387495791 (webtiles) character file.

Game seed: 588193345536167269

63 pikapanic the Grasshopper (level 3, 0/27 HPs)
             Began as a Demonspawn Warper on July 26, 2021.
             Succumbed to an adder's poison
             ... on level 2 of the Dungeon.
             The game lasted 00:09:06 (2426 turns).

pikapanic the Grasshopper (Demonspawn Warper)       Turns: 2426, Time: 00:09:06

Health: 0/27       AC:  6    Str: 12    XL:     3   Next: 87%
Magic:  7/7        EV: 13    Int: 14    God:
Gold:   124        SH:  0    Dex: 12    Spells: 8/8 levels left

rFire    . . .     SeeInvis .   a - +0 spear
rCold    . . .     Faith    .   (no shield)
rNeg     . . .     Spirit   .   i - +0 scale mail
rPois    .         Reflect  .   (no helmet)
rElec    .         Harm     .   (no cloak)
rCorr    .         Rampage  .   (no gloves)
Will     .....                  (no boots)
Stlth    ..........             (no amulet)
HPRegen  0.09/turn              l - +4 ring of evasion
MPRegen  0.10/turn              (no ring)

@: lethally poisoned (0 -> -1)
A: foul stench 1, powered by death 1
a: no special abilities


You were on level 2 of the Dungeon.
You visited 1 branch of the dungeon, and saw 2 of its levels.

You collected 124 gold pieces.

Inventory:

Hand Weapons
 a - a +0 spear (weapon)
 m - a +0 war axe
Missiles
 d - 4 boomerangs of dispersal (quivered)
Armour
 b - a +0 leather armour
 e - a +0 robe
 g - a +0 ring mail
 h - a +0 leather armour
 i - a +0 scale mail (worn)
Jewellery
 l - a +4 ring of evasion (left hand)
Wands
 p - a wand of flame (15)
Scrolls
 c - a scroll of blinking
 f - 2 scrolls of identify {unknown}
 n - a scroll of brand weapon {unknown}
 o - a scroll of vulnerability {unknown}


   Skills:
 - Level 2.0 Fighting
 + Level 2.5 Polearms
 - Level 0.8 Throwing
 - Level 0.8 Armour
 - Level 1.7 Dodging
 * Level 3.0 Spellcasting
 + Level 3.2 Translocations


You had 8 spell levels left.
You didn't know any spells.
Your spell library contained the following spells:

 Spells                   Type           Power      Damage    Failure   Level
 Blink                    Tloc           N/A        N/A       43%         2
 Gell's Gravitas          Tloc           5%         N/A       67%         3
 Lesser Beckoning         Tloc           5%         N/A       67%         3
 Teleport Other           Tloc           11%        N/A       67%         3
 Beastly Appendage        Tmut           4%         N/A       75%         1
 Wereblood                Tmut           2%         N/A       86%         2
 Ignite Poison            Fire/Tmut/Pois 2%         N/A       98%         3
 Mephitic Cloud           Conj/Pois/Air  2%         N/A       98%         3
 Spider Form              Tmut/Pois      1%         N/A       98%         3
 Bolt of Magma            Conj/Fire/Erth 1%         4d4       100%        5
 Manifold Assault         Tloc           11%        N/A       100%        5


Dungeon Overview and Level Annotations

Branches:
Dungeon (2/15)

Altars:


Innate Abilities, Weirdness & Mutations

You may rarely emit foul miasma when damaged in melee.
You regenerate a little health from kills.


Message History

You are lethally poisoned!
The adder poisons you!
You closely miss the adder.
The adder is heavily wounded.
You feel very sick. The adder barely misses you.
You miss the adder.
The adder is heavily wounded.
You feel very sick. The adder closely misses you.
You hit the adder.
The adder is almost dead.
* * * LOW HITPOINT WARNING * * *
You feel sick. The adder bites you.
* * * LOW HITPOINT WARNING * * *
The adder barely misses you.
You barely miss the adder.
The adder is almost dead.
* * * LOW HITPOINT WARNING * * *
You feel sick. The adder bites you but does no damage.
You hit the adder.
You kill the adder!
You feel sick.
Your Spellcasting skill increases to level 3!
You start resting.
* * * LOW HITPOINT WARNING * * *
You feel sick.
There is a lethal amount of poison in your body!
* * * LOW HITPOINT WARNING * * *
You feel sick.
* * * LOW HITPOINT WARNING * * *
You feel sick.
You see here 12 gold pieces.
It was a potion of cancellation.
You feel magically purged.
* * * LOW HITPOINT WARNING * * *
You feel sick.
As you read the scroll labelled TUMANT REKH, it crumbles to dust.
You hear a loud clanging noise!
It was a scroll of noise.
You die...

# #..#.# .### #.#
#######...# ...##.#
.....##..### #..#.#
####...†...######...#
...............###..######.
#############..............
#####..##.####. ####.## #
#.†@..# #.....###.....#
..... ..<.... .... ##.....
##. ..... # .... .... ...


There were no monsters in sight!

Vanquished Creatures
  2 adders (D:2)
  A dart slug (D:1)
  2 endoplasms (D:1)
  5 goblins
  4 hobgoblins
  5 jackals (D:1)
  2 kobolds (D:2)
  7 ball pythons
  4 bats
  4 frilled lizards
  4 rats
40 creatures vanquished.

Notes
Turn   | Place    | Note
-------+----------+-------------------------------------------
     0 | D:1      | pikapanic the Demonspawn Warper began the quest for the
                  | Orb.
     0 | D:1      | Reached XP level 1. HP: 16/16 MP: 3/3
   405 | D:1      | Gained mutation: You may rarely emit foul miasma when
                  | damaged in melee. [demonic ancestry]
   405 | D:1      | Reached XP level 2. HP: 22/22 MP: 3/5
  1560 | D:1      | Gained mutation: You regenerate a little health from kills.
                  | [demonic ancestry]
  1560 | D:1      | Reached XP level 3. HP: 23/27 MP: 7/7
  2425 | D:2      | HP: 1/27 [poisoned by an adder]
  2426 | D:2      | Succumbed to an adder's poison

Illustrated notes

Levels and vault maps discovered:
D:1:      elethiomel_arrival_maze, layout_basic, skrybe_limestone_x,
          kennysheep_another_room, chequers_serial_rivers_micro_c,
          eino_curves_02
D:2:      layout_rooms

Skill      XL: |  1  2  3 |
---------------+----------+-----
Translocations | 3 |  3.2
Polearms       | 2 |  2.5
Spellcasting   | 3 |  3.0
Fighting       | |  2.0
Throwing       | |  0.8
Armour         | |  0.8
Dodging        | |  1.7

Action                   || total
-------------------------++-------
Melee: Spear             ||   145
Throw: Boomerang         ||     1
  Use: Scroll            ||     1
       Potion            ||     1
Armor: Leather armour    ||    30
       Scale mail        ||    18
Dodge: Dodged            ||    87
